 Dungeon Crawl Stone Soup version 0.25.0-3-gd7cc5688da (webtiles) character file.

Game seed: 4658390838628630992

3796 nikku the Thaumaturge (level 9, -4/54 HPs)
             Began as a Deep Elf Conjurer on June 15, 2020.
             Was a Follower of Vehumet.
             Killed from afar by an electric eel (7 damage)
             ... with a bolt of electricity
             ... on level 7 of the Dungeon.
             The game lasted 00:29:34 (10032 turns).

nikku the Thaumaturge (Deep Elf Conjurer)          Turns: 10032, Time: 00:29:35

Health: -4/54      AC:  8    Str:  5    XL:     9   Next: 96%
Magic:  18/24      EV: 12    Int: 24    God:    Vehumet [*.....]
Gold:   381        SH:  5    Dex: 15    Spells: 15/26 levels left

rFire    . . .     SeeInvis .   t - +0 falchion (elec)
rCold    . . .     Gourm    .   (no shield)
rNeg     . . .     Faith    .   q - +2 leather armour {rPois}
rPois    +         Spirit   .   (no helmet)
rElec    .         Reflect  +   j - +2 cloak
rCorr    .         Harm     .   (no gloves)
MR       .....                  (no boots)
Stlth    ++........             m - amulet of reflection
HPRegen  0.18/turn              (no ring)
MPRegen  0.19/turn              (no ring)

@: no status effects
A: no striking features
a: Renounce Religion


You were on level 7 of the Dungeon.
You worshipped Vehumet.
Vehumet was aware of your devotion.
You were not hungry.

You visited 2 branches of the dungeon, and saw 8 of its levels.

You collected 381 gold pieces.

Inventory:

Hand Weapons
 i - a +3 dagger of speed
 t - a +0 falchion of electrocution (weapon)
Missiles
 w - 6 curare-tipped darts (quivered)
Armour
 j - a +2 cloak (worn)
 q - a +2 leather armour of poison resistance (worn)
Jewellery
 l - a cursed ring of protection from magic {unknown}
 m - an amulet of reflection (around neck)
Wands
 k - a wand of iceblast (4)
 x - a wand of random effects (16)
Scrolls
 b - 2 scrolls of magic mapping
 e - 7 scrolls of teleportation
 u - a scroll of blinking {unknown}
 v - a scroll of remove curse
 y - a scroll of random uselessness {unknown}
Potions
 a - 2 potions of stabbing {unknown}
 d - 2 potions of mutation
 f - 3 potions of curing
 g - 2 potions of heal wounds
 h - a potion of resistance {unknown}
 n - a potion of lignification {unknown}
 o - a potion of invisibility {unknown}
 p - a potion of berserk rage {unknown}
 r - 2 potions of flight {unknown}
 s - a potion of degeneration {unknown}
Comestibles
 c - 18 rations
 z - a chunk of flesh


   Skills:
 + Level 5.4 Fighting
 - Level 2.4 Dodging
 - Level 2.4 Stealth
 + Level 9.3 Spellcasting
 + Level 8.6 Conjurations
 + Level 7.6 Hexes
 + Level 6.2 Translocations


You had 15 spell levels left.
You knew the following spells:

 Your Spells              Type           Power        Failure   Level  Hunger
a - Magic Dart            Conj           ####         1%          1    None
b - Searing Ray           Conj           ######       1%          2    None
c - Iskenderun's Mystic   Conj/Tloc      #####...     4%          4    ##.....
d - Fulminant Prism       Conj/Hex       ######....   3%          4    ##.....

Your spell library contained the following spells:

 Spells                   Type           Power        Failure   Level  Hunger
 Sandblast                Erth           ##....       10%         1    None
 Dazzling Flash           Conj/Hex       ######       1%          3    None


Dungeon Overview and Level Annotations

Branches:
Dungeon (7/15)             Temple (1/1) D:6

Altars:
Ashenzari
Cheibriados
Elyvilon
Fedhas
Gozag
Hepliaklqana
Kikubaaqudgha
Nemelex Xobeh
Okawaru
Qazlal
Ru
Trog
Uskayaw
Vehumet
Wu Jian
Xom
Yredelemnul
Zin
The Shining One


Message History

Confirm with . or Enter, or press ? or * to list all spells.
You can't see any susceptible monsters within range! (Use Z to cast anyway.)
Casting: Fulminant Prism (dangerous; 3% risk of failure)
Confirm with . or Enter, or press ? or * to list all spells.
Aiming: Searing Ray (safe; 1% risk of failure)
Press: ? - help, Shift-Dir - straight line, f - electric eel
Aim: an electric eel The searing ray misses the electric eel. (Press . to maintain the ray.)
The electric eel shoots out a bolt of lightning at you!
The bolt of electricity hits you!
* * * LOW HITPOINT WARNING * * *
The electric eel shoots out a bolt of lightning at you!
The bolt of electricity hits you!
* * * LOW HITPOINT WARNING * * *
The searing ray hits the electric eel!
The electric eel is heavily wounded.
The electric eel shoots out a bolt of lightning at you!
The bolt of electricity hits you!
You die...

.≈#[### #..# ####.######.#####.
.≈#...## #..###.......)...####..
.≈#._..####.............#....##.#
#≈#.........###..........÷##....#
≈≈#........##.########....###..##
###........#..#..P≈$≈##'#.#....#
...........#.#'..PP$≈≈#.#...##.##
.).........#≈#....≈";≈#.#...##...
......#...##≈#..@..);≈#.#...#####
.####..#..#≈≈##..P..;##≈#...#####
.# ##...##.##########≈##....#...
.# ##..#..#..≈.[≈##≈##.#.#...##
.# #..#.#'...≈.≈≈#≈#..#.....## .#
#..#≈#....≈÷≈≈#.#..#.##...# .###
##.#≈#...÷≈.≈≈#.#..#.###### ...#
#.#≈##...).≈##.#....# ...#
#.##.########≈##.##.# #


You could see 3 electric eels.

Vanquished Creatures
  A troll (D:7)
  Grinder (D:6)
  A hippogriff (D:7)
  A spriggan (D:7)
  A phantom (D:7)
  A necrophage (D:7)
  2 ice beasts
  2 orc warriors
  A sky beast (D:6)
  5 ogres
  3 centaurs
  4 bullfrogs
  3 scorpions
  2 howler monkeys
  6 wights
  3 electric eels (D:7)
  A bullfrog zombie (D:5)
  A crimson imp (D:7)
  A jelly (D:5)
  An orc priest (D:7)
  4 hounds
  2 orc wizards
  Crazy Yiuf (D:5)
  Ijyb (D:5)
  A bullfrog skeleton (D:7)
  4 iguanas
  4 worker ants
  A worker ant zombie (D:4)
  10 gnolls
  10 adders
  3 shadow imps
  An ooze (D:1)
  An adder zombie (D:5)
  3 worms
  6 dart slugs
  4 leopard geckos
  12 orcs
  5 giant cockroaches
  7 goblins
  7 hobgoblins
  A jackal (D:7)
  5 quokkas
  2 ball pythons
  10 bats
  8 frilled lizards
  8 kobolds
  A leopard gecko skeleton (D:7)
  7 rats
  2 plants (D:7)
172 creatures vanquished.

Vanquished Creatures (others)
  8 fulminant prisms
  A plant (D:7)
9 creatures vanquished.

Grand Total: 181 creatures vanquished

Notes
Turn   | Place    | Note
-------+----------+-------------------------------------------
     0 | D:1      | nikku the Deep Elf Conjurer began the quest for the Orb.
     0 | D:1      | Reached XP level 1. HP: 10/10 MP: 6/6
   515 | D:1      | Reached XP level 2. HP: 16/16 MP: 5/8
   786 | D:1      | Reached skill level 1 in Fighting
   963 | D:1      | Reached XP level 3. HP: 20/20 MP: 1/10
  1375 | D:2      | Learned a level 2 spell: Searing Ray
  1595 | D:2      | Reached skill level 4 in Spellcasting
  1669 | D:2      | Reached skill level 5 in Conjurations
  1748 | D:2      | Reached XP level 4. HP: 25/25 MP: 0/12
  2632 | D:2      | Reached XP level 5. HP: 26/30 MP: 10/14
  2922 | D:2      | Learned a level 2 spell: Searing Ray
  3085 | D:3      | Found a shimmering altar of Xom.
  3086 | D:3      | Found a shimmering altar of Xom.
  3086 | D:3      | Found a shimmering altar of Xom.
  3089 | D:3      | Found a shimmering altar of Xom.
  3089 | D:3      | Found a shimmering altar of Xom.
  3091 | D:3      | Found a shimmering altar of Xom.
  3280 | D:3      | Found a sparkling altar of Nemelex Xobeh.
  3409 | D:3      | Found a shimmering altar of Xom.
  3537 | D:3      | Reached skill level 5 in Spellcasting
  3730 | D:3      | Learned a level 4 spell: Iskenderun's Mystic Blast
  3735 | D:3      | Learned a level 4 spell: Fulminant Prism
  4027 | D:4      | Reached skill level 1 in Hexes
  4094 | D:4      | Noticed an ogre
  4098 | D:4      | Killed an ogre
  4098 | D:4      | Reached skill level 1 in Translocations
  4098 | D:4      | Reached XP level 6. HP: 36/36 MP: 11/16
  4961 | D:5      | Entered Level 5 of the Dungeon
  4961 | D:5      | Noticed Ijyb
  4965 | D:5      | Killed Ijyb
  4965 | D:5      | Reached XP level 7. HP: 22/40 MP: 12/17
  5160 | D:5      | Found a stormy altar of Qazlal.
  5264 | D:5      | Found a hazy altar of Hepliaklqana.
  5310 | D:5      | Reached skill level 6 in Spellcasting
  5850 | D:5      | Found a stormy altar of Qazlal.
  5915 | D:5      | Reached XP level 8. HP: 32/47 MP: 13/20
  6122 | D:5      | Found a runed translucent door.
  6123 | D:5      | Noticed Crazy Yiuf
  6129 | D:5      | Killed Crazy Yiuf
  6299 | D:5      | Found a snail-covered altar of Cheibriados.
  6530 | D:6      | Reached skill level 7 in Spellcasting
  6730 | D:6      | Reached skill level 5 in Hexes
  6820 | D:6      | Found a staircase to the Ecumenical Temple.
  6826 | Temple   | Entered the Ecumenical Temple
  7071 | Temple   | Became a worshipper of Vehumet
  7891 | D:6      | Noticed Grinder
  7898 | D:6      | Killed Grinder
  7898 | D:6      | Reached skill level 8 in Spellcasting
  7898 | D:6      | Reached XP level 9. HP: 42/52 MP: 8/23
  7901 | D:6      | Reached skill level 5 in Translocations
  8415 | D:7      | Reached * piety under Vehumet
  8415 | D:7      | Offered knowledge of Sandblast by Vehumet.
  8691 | D:7      | Reached skill level 5 in Fighting
  8984 | D:7      | Reached skill level 9 in Spellcasting
  9136 | D:7      | Found an ornate altar of the Wu Jian Council.
  9390 | D:7      | Noticed a troll
  9402 | D:7      | Killed a troll
 10032 | D:7      | Killed from afar by an electric eel

Illustrated notes

Levels and vault maps discovered:
D:1:      dpeg_arrival_signposts, layout_basic
D:2:      layout_basic
D:3:      layout_rooms, xom_redecorated, old_standard_altar
D:4:      layout_basic, first_ration
D:5:      layout_cave_pools, lemuel_doored_altar, kennysheep_slug_shrine,
          marbit_many_paths, basic_altar, st_stairs_10, minmay_manual_mess,
          uniq_ijyb, uniq_crazy_yiuf_cottage
D:6:      layout_basic, minmay_temple_entry_fiery, uniq_grinder
D:7:      cheibrodos_two_vegetables, layout_rooms, overflow_temple_1_default,
          the_bakery, kennysheep_small_square
Temple:   oiseaux_autumnal_temple

Skill      XL: |  1  2  3  4  5  6  7  8  9 |
---------------+----------------------------+-----
Fighting       | 1 2 3 4 5 |  5.4
Spellcasting   | 4 5 6 8 9 |  9.3
Conjurations   | 5 6 7 8 |  8.6
Hexes          | 1 2 4 6 7 |  7.6
Translocations | 1 2 3 4 6 |  6.2
Dodging        | |  2.4
Stealth        | |  2.4

Action                   |  1- 3 |  4- 6 |  7- 9 || total
-------------------------+-------+-------+-------++-------
Throw: Dart              |       |       |     1 ||     1
 Cast: Magic Dart        |    67 |    99 |   137 ||   303
       Searing Ray       |     2 |    16 |    63 ||    81
       Fulminant Prism   |       |       |     8 ||     8
  Use: Scroll            |     3 |     7 |     4 ||    14
  Eat: Chunk             |     2 |     8 |    14 ||    24
       Ration            |       |       |     1 ||     1
Armor: Robe              |       |     5 |       ||     5
       Leather armour    |       |       |     6 ||     6
Dodge: Dodged            |     5 |    10 |    25 ||    40
Block: Other             |       |       |    10 ||    10
       Reflection        |       |       |     2 ||     2
       Rpst.: Falchion   |       |       |     3 ||     3
